Map: King's Cove LE

Players

Sketchaphone

  • Race: Zerg Zerg
  • League: Platinum
  • Spawn Location: 5:00

Strangelove - Winner!

  • Race: Zerg Zerg
  • League: Platinum
  • Spawn Location: 11:00

VOD

Have the link to the VOD?

Description

Time

  • Played on: March 4, 2019, 9:32 p.m.
  • Length: 11:33
Show
View Real Time Build Order
Export as new Build Order

Sketchaphone Zerg 

Build Orders: Hatch First 

Get SALT Encoding   

  12  0:01  Drone  
  13  0:13  Overlord  
  13  0:19  Drone  
  14  0:22  Extractor  
  14  0:24  Drone  
  15  0:31  Drone  
  16  0:39  Drone  
  17  0:58  Hatchery  
  17  1:01  Drone  
  17  1:03  Drone  
  18  1:08  Extractor  
  17  1:24  Drone  
  17  1:25  Spawning Pool  
  17  1:31  Drone x2  
  19  1:45  Overlord  
  19  1:53  Overlord  
  19  2:01  Drone  
  20  2:16  Spine Crawler, Zergling x2  
  20  2:18  Spine Crawler, Drone  
  20  2:21  Metabolic Boost  
  20  2:28  Drone  
  20  2:29  Drone  
  22  2:43  Zergling x2  
  23  2:45  Drone  
  23  2:46  Drone  
  23  2:49  Baneling Nest  
  23  2:50  Drone  
  25  2:54  Drone  
  26  3:06  Queen  
  26  3:08  Drone  
  26  3:09  Drone  
  30  3:15  Pneumatized Carapace  
  30  3:16  Drone  
  30  3:19  Drone  
  32  3:22  Drone  
  32  3:24  Drone  
  34  3:27  Drone  
  35  3:35  Drone  
  35  3:40  Drone  
  37  3:49  Drone x2  
  37  3:50  Evolution Chamber  
  37  4:03  Overlord  
  37  4:05  Drone  
  38  4:21  Zergling x2, Zerg Melee Weapons Level 1  
  38  4:22  Queen, Zergling x2  
  38  4:23  Drone  
  43  4:26  Lair  
  43  4:27  Overlord  
  43  4:28  Extractor  
  42  4:31  Zergling x2, Hatchery  
  42  4:43  Drone  
  42  4:44  Drone  
  44  4:45  Overlord  
  44  4:46  Drone  
  45  5:00  Drone x3  
  45  5:01  Drone x2  
  45  5:06  Zergling x2  
  51  5:18  Drone x2  
  52  5:24  Evolution Chamber  
  52  5:27  Overlord  
  50  5:29  Overlord  
  50  5:32  Queen  
  50  5:33  Queen  
  54  5:44  Extractor  
  54  5:45  Centrifical Hooks, Extractor  
  54  5:47  Queen, Zergling x16  
  62  5:54  Drone  
  62  5:55  Infestation Pit, Drone  
  63  6:05  Drone x5  
  68  6:23  Queen  
  70  6:26  Drone x5  
  70  6:27  Zergling x4  
  77  6:36  Overseer  
  77  6:38  Overlord  
  77  6:40  Hatchery  
  71  6:55  Zergling x14  
  71  6:56  Pathogen Glands  
  71  6:58  Zerg Melee Weapons Level 2  
  74  7:02  Zergling x8, Zerg Ground Armor Level 1  
  78  7:17  Drone x5  
  83  7:28  Hydralisk Den  
  83  7:29  Overlord  
  82  7:30  Overlord  
  82  7:35  Zergling x14  
  89  7:55  Drone x3  
  89  7:56  Drone x2  
  89  7:58  Evolution Chamber  
  93  7:59  Extractor  
  93  8:00  Extractor  
  93  8:01  Hive  
  93  8:04  Overseer  
  91  8:06  Zergling x14  
  98  8:20  Infestor x3  
  98  8:22  Lurker Den  
  98  8:23  Queen  
  105  8:41  Swarm Host  
  105  8:42  Swarm Host  
  92  9:07  Zerg Missile Weapons Level 1  
  92  9:08  Zergling x26  
  103  9:12  Overlord x3  
  103  9:27  Zergling x6  
  98  9:39  Hatchery  
  98  9:45  Zergling x2  
  97  9:46  Hydralisk x7  
  114  9:55  Zergling x2  
  70  10:22  Hydralisk x7  
  63  10:40  Zergling x4, Hydralisk  
  57  10:46  Zergling x2  
  30  10:50  Lurker x2  
  30  10:54  Lurker  
  30  10:56  Hydralisk x2  
Show
View Real Time Build Order
Export as new Build Order

Strangelove Zerg - Winner!

Build Orders: Pool First 

Get SALT Encoding   

  12  0:13  Drone  
  13  0:39  Drone  
  13  0:40  Spawning Pool, Overlord  
  13  0:52  Drone  
  14  1:07  Drone x2  
  16  1:22  Drone  
  17  1:28  Queen  
  17  1:29  Drone  
  20  1:39  Drone, Extractor  
  20  1:46  Drone  
  21  1:50  Hatchery  
  20  1:57  Drone  
  21  2:10  Drone  
  22  2:20  Roach Warren  
  21  2:25  Overlord  
  21  2:32  Drone  
  22  2:59  Drone x2  
  22  3:03  Extractor  
  22  3:05  Roach  
  25  3:13  Queen  
  25  3:15  Drone x2  
  25  3:16  Overlord  
  29  3:22  Evolution Chamber  
  29  3:25  Roach  
  30  3:33  Drone  
  31  3:38  Drone  
  31  3:39  Drone x3  
  34  3:55  Roach  
  35  3:56  Roach x3  
  41  4:04  Drone  
  42  4:10  Evolution Chamber  
  42  4:16  Lair  
  41  4:18  Drone x2  
  43  4:29  Drone  
  44  4:46  Overlord  
  44  4:47  Zerg Missile Weapons Level 1  
  44  4:48  Zerg Ground Armor Level 1  
  44  4:58  Overlord  
  44  5:08  Drone x2  
  44  5:09  Drone x3  
  49  5:33  Drone x2  
  49  5:34  Drone x2  
  53  5:36  Roach x3  
  53  5:37  Overlord  
  53  5:42  Overlord  
  59  5:45  Glial Reconstitution  
  59  5:53  Pneumatized Carapace  
  59  5:58  Drone  
  59  5:59  Overlord  
  59  6:02  Drone  
  59  6:03  Drone x2  
  63  6:07  Roach  
  65  6:16  Overseer  
  65  6:21  Roach x5  
  65  6:25  Extractor  
  74  6:26  Overlord  
  74  6:27  Drone x2  
  76  6:54  Roach x5  
  76  6:57  Hydralisk Den  
  81  7:09  Zerg Missile Weapons Level 2  
  81  7:21  Overlord x2  
  81  7:26  Extractor  
  80  7:33  Roach x2  
  80  7:34  Overlord x2  
  84  7:45  Hydralisk  
  84  7:46  Hydralisk x4  
  94  8:21  Hydralisk  
  94  8:22  Hydralisk x6  
  94  8:23  Overlord x2  
  94  8:26  Hatchery  
  107  8:29  Grooved Spines  
  107  8:34  Queen  
  109  8:50  Hydralisk  
  109  8:51  Hydralisk x4  
  119  9:07  Drone x4  
  119  9:08  Drone  
  119  9:09  Roach  
  126  9:26  Roach x3  
  132  9:50  Hydralisk x3  
  137  10:03  Hydralisk  
  137  10:16  Overlord x2  
  137  10:20  Overlord x4  
  133  10:36  Overlord  
  133  10:37  Overlord x4  
  127  10:49  Hydralisk  
  127  10:50  Hydralisk  
Tags
 
Matchup
ZvZ
Race
Zerg
Replay Pack
init
Spawn Locations
Cross Positions
Add a new tag
Caveats
  • Supply blocks, unpowered buildings, or Contaminate may cause inaccurate times.
  • Supply counts are checked every 10 seconds.